| TOP OF THE 1ST |
|
Miami Beach Marlins batting - Pitching for Colorado Avalanche : RHP Dan Hoffman
|
|
Pitching: RHP Dan Hoffman
|
|
|
Batting: LHB Eric Bailey
|
0-0: Ball 1-0: Ball 2-0: Bunt for hit to 13 - play at first, batter OUT! 1-3
|
|
Batting: LHB Mike Kara
|
0-0: Ball 1-0: Called Strike 1-1: Foul Ball, location: 2F 1-2: Ball 2-2: Fly out, F8 (Flyball, 8RXD, EV 77.5 MPH)
|
|
Batting: RHB Steve Barnard
|
0-0: Ball 1-0: Ball 2-0: Ball 3-0: Called Strike 3-1: Swinging Strike 3-2: Base on Balls
|
|
Batting: RHB Dale Young
|
0-0: Ball 1-0: Ball 2-0: Ball 3-0: Called Strike 3-1: Ground out 6-3 (Groundball, P, EV 83.8 MPH)
|
| Top of the 1st over - 0 runs, 0 hits, 0 errors, 1 left on base; Miami Beach 0 - Colorado 0 |
| BOTTOM OF THE 1ST |
|
Colorado Avalanche batting - Pitching for Miami Beach Marlins : LHP Matt Payne
|
|
Pitching: LHP Matt Payne
|
|
|
Batting: RHB Ray Insley
|
0-0: Called Strike 0-1: Ball 1-1: Foul Ball, location: 2F 1-2: Ball 2-2: Foul Ball, location: 2F 2-2: Foul Ball, location: 2F 2-2: Strikes out swinging
|
|
Batting: RHB Bob Hayes
|
0-0: Ball 1-0: Ground out 6-3 (Groundball, 6, EV 105.0 MPH)
|
|
Batting: SHB Brad Madden
|
0-0: Called Strike 0-1: Swinging Strike 0-2: Ball 1-2: Ball 2-2: Ball 3-2: Base on Balls
|
|
Pitching: RHP Jorge Lopez
|
|
|
Batting: RHB John Corfield
|
0-0: Ball 1-0: Called Strike Brad Madden is caught stealing 2nd base 2-4
|
| Bottom of the 1st over - 0 runs, 0 hits, 0 errors, 0 left on base; Miami Beach 0 - Colorado 0 |
| TOP OF THE 2ND |
|
Miami Beach Marlins batting - Pitching for Colorado Avalanche : RHP Dan Hoffman
|
|
Batting: RHB Willie Chavez
|
0-0: Ball 1-0: Ball 2-0: Fly out, F9 (Flyball, 9D, EV 101.3 MPH)
|
|
Batting: LHB Angelo Estrella
|
0-0: Ball 1-0: Ball 2-0: Fly out, F9 (Line Drive, 9D, EV 91.3 MPH)
|
|
Batting: RHB Andy Kelly
|
0-0: Called Strike 0-1: Ball 1-1: Foul Ball, location: 2F 1-2: SINGLE (Groundball, 6MD, EV 109.4 MPH)
|
|
Batting: RHB J.D. Vander Klok
|
0-0: Ball 1-0: Called Strike Andy Kelly steals 2nd base 1-1: Ball 2-1: Fly out, F7 (Flyball, 7, EV 88.1 MPH)
|
| Top of the 2nd over - 0 runs, 1 hit, 0 errors, 1 left on base; Miami Beach 0 - Colorado 0 |
| BOTTOM OF THE 2ND |
|
Colorado Avalanche batting - Pitching for Miami Beach Marlins : RHP Jorge Lopez
|
|
Batting: RHB John Corfield
|
0-0: Ball 1-0: Foul Ball, location: 2F 1-1: DOUBLE (Line Drive, 5D, EV 100.0 MPH)
|
|
Batting: LHB Paul McClintock
|
0-0: Ball 1-0: Foul Ball, location: 2F 1-1: Swinging Strike 1-2: Foul Ball, location: 2F 1-2: Ball 2-2: Foul Ball, location: 2F 2-2: Strikes out swinging
|
|
Batting: RHB Manny Thompson
|
0-0: Ball 1-0: Foul Ball, location: 2F 1-1: Ball 2-1: Foul Ball, location: 2F 2-2: DOUBLE (Groundball, 3L, EV 103.8 MPH) John Corfield scores
|
|
Batting: RHB Kevin Tangeman
|
0-0: Swinging Strike 0-1: Called Strike 0-2: Ball 1-2: Ball 2-2: Ball 3-2: Strikes out swinging
|
|
Batting: SHB Craig Ruzic
|
0-0: Swinging Strike 0-1: Foul Ball, location: 2F 0-2: Ball 1-2: Ground out 4-3 (Groundball, 4, EV 92.5 MPH)
|
| Bottom of the 2nd over - 1 run, 2 hits, 0 errors, 1 left on base; Miami Beach 0 - Colorado 1 |
| TOP OF THE 3RD |
|
Miami Beach Marlins batting - Pitching for Colorado Avalanche : RHP Dan Hoffman
|
|
Batting: RHB Axel Moltke
|
0-0: Ball 1-0: Ball 2-0: Called Strike 2-1: Ball 3-1: SOLO HOME RUN (Flyball, 7D, EV 100.0 MPH), Distance : 397 ft
|
|
Batting: LHB Eric Bailey
|
0-0: Swinging Strike 0-1: Called Strike 0-2: Ball 1-2: Ball 2-2: Ball 3-2: Fly out, F4 (Popup, 4MD, EV 52.5 MPH)
|
|
Batting: LHB Mike Kara
|
0-0: Called Strike 0-1: SOLO HOME RUN (Flyball, 9LD, EV 91.9 MPH), Distance : 337 ft
|
|
Batting: RHB Steve Barnard
|
0-0: Called Strike 0-1: Swinging Strike 0-2: Strikes out looking
|
|
Batting: RHB Dale Young
|
0-0: Ball 1-0: Called Strike 1-1: Ball 2-1: Ball 3-1: Base on Balls
|
|
Batting: RHB Willie Chavez
|
0-0: Foul Ball, location: 2F 0-1: Ball 1-1: Ball Dale Young is caught stealing 2nd base 2-4
|
| Top of the 3rd over - 2 runs, 2 hits, 0 errors, 0 left on base; Miami Beach 2 - Colorado 1 |
| BOTTOM OF THE 3RD |
|
Colorado Avalanche batting - Pitching for Miami Beach Marlins : RHP Jorge Lopez
|
|
Batting: SHB Clayton Saunders
|
0-0: Ball 1-0: Fly out, F8 (Flyball, 89XD, EV 90.0 MPH)
|
|
Batting: RHB Ray Insley
|
0-0: Swinging Strike 0-1: Ground out 5-3 (Groundball, 5, EV 84.4 MPH)
|
|
Batting: RHB Bob Hayes
|
0-0: Ball 1-0: Called Strike 1-1: Ball 2-1: Ball 3-1: Base on Balls
|
|
Batting: SHB Brad Madden
|
0-0: Ball 1-0: Foul Ball, location: 2F 1-1: Called Strike 1-2: Strikes out looking
|
| Bottom of the 3rd over - 0 runs, 0 hits, 0 errors, 1 left on base; Miami Beach 2 - Colorado 1 |
| TOP OF THE 4TH |
|
Miami Beach Marlins batting - Pitching for Colorado Avalanche : RHP Dan Hoffman
|
|
Batting: RHB Willie Chavez
|
0-0: Called Strike 0-1: SINGLE (Groundball, 6MD, EV 95.6 MPH)
|
|
Batting: LHB Angelo Estrella
|
0-0: Ball 1-0: Called Strike 1-1: Ball 2-1: Foul Ball, location: 2F 2-2: Ball 3-2: Base on Balls Willie Chavez to second
|
|
Pitching: RHP Carlos de Jesus
|
|
|
Batting: RHB Andy Kelly
|
0-0: Ball 1-0: Ball 2-0: Ball 3-0: Base on Balls Willie Chavez to third Angelo Estrella to second
|
|
Batting: RHB J.D. Vander Klok
|
0-0: Ball 1-0: GRAND SLAM HOME RUN (Line Drive, 7D, EV 98.1 MPH), Distance : 392 ft
|
|
Batting: RHB Axel Moltke
|
0-0: Ball 1-0: Ground out 4-3 (Groundball, 4M, EV 83.1 MPH)
|
|
Batting: LHB Eric Bailey
|
0-0: Swinging Strike 0-1: Ball 1-1: Ball 2-1: Foul Ball, location: 2F 2-2: Ball 3-2: Ground out 4-3 (Groundball, 4M, EV 106.9 MPH)
|
|
Batting: LHB Mike Kara
|
0-0: Ball 1-0: Foul Ball, location: 2F 1-1: Ball 2-1: Ball 3-1: Fly out, F7 (Flyball, 7LM, EV 93.1 MPH)
|
| Top of the 4th over - 4 runs, 2 hits, 0 errors, 0 left on base; Miami Beach 6 - Colorado 1 |
| BOTTOM OF THE 4TH |
|
Colorado Avalanche batting - Pitching for Miami Beach Marlins : RHP Jorge Lopez
|
|
Batting: RHB John Corfield
|
0-0: Foul Ball, location: 2F 0-1: SINGLE (Line Drive, 8LS, EV 106.9 MPH)
|
|
Batting: LHB Paul McClintock
|
0-0: Ball 1-0: Ball 2-0: DOUBLE (Line Drive, 3D, EV 96.3 MPH) John Corfield to third
|
|
Batting: RHB Manny Thompson
|
0-0: Ball 1-0: Ball Passed Ball! John Corfield scores Paul McClintock to third 2-0: Swinging Strike 2-1: Called Strike 2-2: Strikes out looking
|
|
Batting: RHB Kevin Tangeman
|
0-0: Called Strike 0-1: Ball 1-1: Foul Ball, location: 2F 1-2: Ground out 6-3 (Groundball, 6, EV 86.9 MPH) Paul McClintock scores
|
|
Batting: SHB Craig Ruzic
|
0-0: Foul Ball, location: 2F 0-1: Ball 1-1: SINGLE (Line Drive, 6MD, EV 101.3 MPH)
|
|
Pitching: RHP Frank Schulman
|
|
|
Batting: SHB Clayton Saunders
|
0-0: Ball 1-0: Called Strike Craig Ruzic is caught stealing 2nd base 2-6
|
| Bottom of the 4th over - 2 runs, 3 hits, 0 errors, 0 left on base; Miami Beach 6 - Colorado 3 |
| TOP OF THE 5TH |
|
Miami Beach Marlins batting - Pitching for Colorado Avalanche : RHP Carlos de Jesus
|
|
Batting: RHB Steve Barnard
|
0-0: Ball 1-0: Ball 2-0: Foul Ball, location: 2F 2-1: Called Strike 2-2: SINGLE (Groundball, 4MD, EV 96.9 MPH)
|
|
Batting: RHB Dale Young
|
0-0: Foul Ball, location: 2F 0-1: Ball 1-1: Fielders Choice at 2nd, 6-4 (Groundball, 6, EV 80.6 MPH)
|
|
Batting: RHB Willie Chavez
|
0-0: Called Strike Dale Young steals 2nd base 0-1: Foul Ball, location: 2F 0-2: Ground out 6-3 (Groundball, P, EV 85.6 MPH) Dale Young to third
|
|
Batting: LHB Angelo Estrella
|
0-0: Called Strike 0-1: Foul Ball, location: 2F 0-2: Foul Ball, location: 2F 0-2: Foul Ball, location: 2F 0-2: Fly out, F8 (Flyball, 78D, EV 99.4 MPH)
|
| Top of the 5th over - 0 runs, 1 hit, 0 errors, 1 left on base; Miami Beach 6 - Colorado 3 |
| BOTTOM OF THE 5TH |
|
Colorado Avalanche batting - Pitching for Miami Beach Marlins : RHP Frank Schulman
|
|
Batting: SHB Clayton Saunders
|
0-0: Called Strike 0-1: Swinging Strike 0-2: Ball 1-2: Foul Ball, location: 2F 1-2: Ball 2-2: Strikes out swinging
|
|
Batting: RHB Ray Insley
|
0-0: Ball 1-0: Swinging Strike 1-1: Ball 2-1: Ball 3-1: Foul Ball, location: 2F 3-2: Foul Ball, location: 2F 3-2: Foul Ball, location: 2F 3-2: DOUBLE (Flyball, 8LXD, EV 97.5 MPH)
|
|
Batting: RHB Bob Hayes
|
0-0: Fly out, F9 (Flyball, 89D, EV 95.6 MPH) Runner from 2nd tags up, SAFE at 3rd, no throw by RF
|
|
Batting: SHB Brad Madden
|
0-0: Called Strike 0-1: Swinging Strike 0-2: Ball 1-2: Foul Ball, location: 2F 1-2: Strikes out swinging
|
| Bottom of the 5th over - 0 runs, 1 hit, 0 errors, 1 left on base; Miami Beach 6 - Colorado 3 |
| TOP OF THE 6TH |
|
Miami Beach Marlins batting - Pitching for Colorado Avalanche : RHP Carlos de Jesus
|
|
Batting: RHB Andy Kelly
|
0-0: SINGLE (Groundball, 56S, EV 61.3 MPH) (infield hit)
|
|
Batting: RHB J.D. Vander Klok
|
0-0: Called Strike 0-1: Ball Andy Kelly steals 2nd base 1-1: Foul Ball, location: 2F 1-2: Ball 2-2: Ball 3-2: SINGLE (Line Drive, 56D, EV 95.6 MPH) Andy Kelly to third Runner from 3rd tries for Home, SAFE, throw by LF to home
|
|
Batting: RHB Axel Moltke
|
0-0: Foul Ball, location: 2F 0-1: Called Strike 0-2: Fly out, F8 (Flyball, 8LXD, EV 75.6 MPH)
|
|
Batting: LHB Eric Bailey
|
0-0: Called Strike J.D. Vander Klok steals 2nd base 0-1: Ball 1-1: Ball 2-1: Ball 3-1: Base on Balls
|
|
Batting: LHB Mike Kara
|
0-0: Ball 1-0: Ball 2-0: Swinging Strike 2-1: Called Strike 2-2: Foul Ball, location: 2F 2-2: Foul Ball, location: 2F 2-2: Foul Ball, location: 2F 2-2: Ball 3-2: Base on Balls J.D. Vander Klok to third Eric Bailey to second
|
|
Batting: RHB Steve Barnard
|
0-0: Ball 1-0: Ball 2-0: Foul Ball, location: 2F 2-1: Foul Ball, location: 2F 2-2: Ball 3-2: Fly out, F3 (Flyball, 3D, EV 91.9 MPH)
|
|
Pitching: RHP Justin Garrett
|
|
|
Batting: RHB Dale Young
|
0-0: GRAND SLAM HOME RUN (Flyball, 78XD, EV 115.6 MPH), Distance : 473 ft
|
|
Batting: RHB Willie Chavez
|
0-0: Ball 1-0: Ball 2-0: Foul Ball, location: 2F 2-1: DOUBLE (Flyball, 78XD, EV 110.0 MPH)
|
|
Batting: LHB Angelo Estrella
|
0-0: Ball 1-0: Ball 2-0: Called Strike 2-1: 2-RUN HOME RUN (Flyball, 89XD, EV 115.6 MPH), Distance : 445 ft
|
|
Batting: RHB Andy Kelly
|
0-0: Ball 1-0: Called Strike 1-1: Ball 2-1: Foul Ball, location: 2F 2-2: Ball 3-2: Ground out 5-3 (Groundball, 56S, EV 66.9 MPH)
|
| Top of the 6th over - 7 runs, 5 hits, 0 errors, 0 left on base; Miami Beach 13 - Colorado 3 |
| BOTTOM OF THE 6TH |
|
Colorado Avalanche batting - Pitching for Miami Beach Marlins : RHP Frank Schulman
|
|
Batting: RHB John Corfield
|
0-0: Called Strike 0-1: Called Strike 0-2: Ball 1-2: Strikes out swinging
|
|
Batting: LHB Paul McClintock
|
0-0: Ball 1-0: Fly out, F8 (Flyball, 8LD, EV 89.4 MPH)
|
|
Batting: RHB Manny Thompson
|
0-0: Fly out, F9 (Flyball, 9LS, EV 91.3 MPH)
|
| Bottom of the 6th over - 0 runs, 0 hits, 0 errors, 0 left on base; Miami Beach 13 - Colorado 3 |
| TOP OF THE 7TH |
|
Miami Beach Marlins batting - Pitching for Colorado Avalanche : RHP Justin Garrett
|
|
Batting: RHB J.D. Vander Klok
|
0-0: SINGLE (Flyball, 78S, EV 95.6 MPH)
|
|
Batting: RHB Axel Moltke
|
0-0: Called Strike 0-1: Foul Ball, location: 2F 0-2: Ball 1-2: Fly out, F9 (Flyball, 89S, EV 83.8 MPH)
|
|
Pinch Hitting: LHB Matt McKeon
|
0-0: Swinging Strike 0-1: Ball 1-1: Ball 2-1: Ball 3-1: Swinging Strike 3-2: Foul Ball, location: 2F 3-2: Foul Ball, location: 2F 3-2: Base on Balls J.D. Vander Klok to second
|
|
Pinch Hitting: LHB Danny Treto
|
0-0: Ball 1-0: 3-RUN HOME RUN (Flyball, 9D, EV 96.9 MPH), Distance : 382 ft
|
|
Pitching: RHP Daniel Green
|
|
|
Batting: RHB Steve Barnard
|
0-0: Ball 1-0: Ball 2-0: Ball 3-0: Base on Balls
|
|
Batting: RHB Dale Young
|
0-0: Ball 1-0: Foul Ball, location: 2F 1-1: Fly out, F9 (Flyball, 9S, EV 76.9 MPH)
|
|
Batting: RHB Willie Chavez
|
0-0: SINGLE (Groundball, 4MD, EV 95.0 MPH) Steve Barnard to second
|
|
Batting: LHB Angelo Estrella
|
0-0: Foul Ball, location: 2F 0-1: Ball 1-1: Called Strike 1-2: Ball 2-2: Ball 3-2: 3-RUN HOME RUN (Flyball, 9LD, EV 91.3 MPH), Distance : 337 ft
|
|
Batting: RHB Andy Kelly
|
0-0: Ball 1-0: Called Strike 1-1: Foul Ball, location: 2F 1-2: Foul Ball, location: 2F 1-2: Ground out 6-3 (Groundball, 6, EV 82.5 MPH)
|
| Top of the 7th over - 6 runs, 4 hits, 0 errors, 0 left on base; Miami Beach 19 - Colorado 3 |
| BOTTOM OF THE 7TH |
|
Colorado Avalanche batting - Pitching for Miami Beach Marlins : RHP Frank Schulman
|
|
Now in LF: Matt McKeon
|
|
|
Now in RF: Danny Treto
|
|
|
Batting: RHB Kevin Tangeman
|
0-0: Called Strike 0-1: Called Strike 0-2: Strikes out looking
|
|
Batting: SHB Craig Ruzic
|
0-0: Ball 1-0: Foul Ball, location: 2F 1-1: Foul Ball, location: 2F 1-2: Foul Ball, location: 2F 1-2: Ball 2-2: Fly out, F4 (Line Drive, 4, EV 75.6 MPH)
|
|
Batting: SHB Clayton Saunders
|
0-0: Ball 1-0: Ball 2-0: Foul Ball, location: 2F 2-1: Called Strike 2-2: Foul Ball, location: 2F 2-2: Fly out, F7 (Flyball, 78D, EV 98.1 MPH)
|
| Bottom of the 7th over - 0 runs, 0 hits, 0 errors, 0 left on base; Miami Beach 19 - Colorado 3 |
| TOP OF THE 8TH |
|
Miami Beach Marlins batting - Pitching for Colorado Avalanche : RHP Daniel Green
|
|
Batting: RHB J.D. Vander Klok
|
0-0: Swinging Strike 0-1: Ball 1-1: Ball 2-1: Swinging Strike 2-2: Ball 3-2: Base on Balls
|
|
Batting: RHB Axel Moltke
|
0-0: Swinging Strike 0-1: Called Strike 0-2: Ball 1-2: Ball Wild Pitch! J.D. Vander Klok to second 2-2: Ball 3-2: SINGLE (Flyball, 78S, EV 85.6 MPH) J.D. Vander Klok to third Runner from 3rd tries for Home, SAFE, throw by LF to home
|
|
Pitching: RHP Justin Jackson
|
|
|
Batting: LHB Matt McKeon
|
0-0: Fielders Choice at 2nd, 3-6 (Groundball, 3, EV 98.8 MPH)
|
|
Batting: LHB Danny Treto
|
0-0: Called Strike 0-1: Called Strike 0-2: Ball 1-2: Fly out, F3 (Line Drive, 3, EV 74.4 MPH) Lined into DP, U3 (Line Drive, 3, EV 70.0 MPH)
|
| Top of the 8th over - 1 run, 1 hit, 0 errors, 0 left on base; Miami Beach 20 - Colorado 3 |
| BOTTOM OF THE 8TH |
|
Colorado Avalanche batting - Pitching for Miami Beach Marlins : RHP Frank Schulman
|
|
Batting: RHB Ray Insley
|
0-0: Ball 1-0: Ball 2-0: Called Strike 2-1: Ground out 1-3 (Groundball, 15S, EV 71.9 MPH)
|
|
Pinch Hitting: RHB Maurice Moore
|
0-0: Ball 1-0: Swinging Strike 1-1: Foul Ball, location: 2F 1-2: Foul Ball, location: 2F 1-2: Strikes out swinging
|
|
Batting: SHB Brad Madden
|
0-0: Swinging Strike 0-1: Foul Ball, location: 2F 0-2: Foul Ball, location: 2F 0-2: Foul Ball, location: 2F 0-2: Ball 1-2: Foul Ball, location: 2F 1-2: Strikes out swinging
|
| Bottom of the 8th over - 0 runs, 0 hits, 0 errors, 0 left on base; Miami Beach 20 - Colorado 3 |
| TOP OF THE 9TH |
|
Miami Beach Marlins batting - Pitching for Colorado Avalanche : RHP Justin Jackson
|
|
Now at 2B: Maurice Moore
|
|
|
Now at SS: Paul McClintock
|
|
|
Batting: RHB Steve Barnard
|
0-0: Ball 1-0: Ball 2-0: Swinging Strike 2-1: Ball 3-1: Foul Ball, location: 2F 3-2: Foul Ball, location: 2F 3-2: Base on Balls
|
|
Batting: RHB Dale Young
|
0-0: Ball 1-0: Ball 2-0: Called Strike 2-1: Ball 3-1: Base on Balls Steve Barnard to second
|
|
Batting: RHB Willie Chavez
|
0-0: Foul Ball, location: 2F 0-1: Foul Ball, location: 2F 0-2: Ball 1-2: Ball 2-2: Fly out, F9 (Flyball, 89M, EV 83.1 MPH)
|
|
Batting: LHB Angelo Estrella
|
0-0: Ball 1-0: Ball 2-0: SINGLE (Line Drive, 7LS, EV 100.0 MPH) Steve Barnard to third Dale Young to second
|
|
Batting: RHB Andy Kelly
|
0-0: Foul Ball, location: 2F 0-1: Ball 1-1: Ball 2-1: SINGLE (Groundball, 4D, EV 95.0 MPH) Steve Barnard scores Dale Young to third Angelo Estrella to second Runner from 3rd tries for Home, SAFE, throw by CF to home
|
|
Batting: RHB J.D. Vander Klok
|
0-0: Fielders Choice at 2nd, 6-4 (Groundball, 56, EV 83.1 MPH) Angelo Estrella to third
|
|
Pinch Hitting: RHB Chris Alft
|
0-0: Ball 1-0: Foul Ball, location: 2F 1-1: Swinging Strike 1-2: Strikes out swinging
|
| Top of the 9th over - 2 runs, 2 hits, 0 errors, 2 left on base; Miami Beach 22 - Colorado 3 |
| BOTTOM OF THE 9TH |
|
Colorado Avalanche batting - Pitching for Miami Beach Marlins : RHP Frank Schulman
|
|
Now at C: Chris Alft
|
|
|
Batting: RHB John Corfield
|
0-0: Swinging Strike 0-1: Foul Ball, location: 2F 0-2: Ball 1-2: Ball 2-2: Strikes out looking
|
|
Pitching: LHP Byron Copeland
|
|
|
Batting: LHB Paul McClintock
|
0-0: Ball 1-0: Foul Ball, location: 2F 1-1: Swinging Strike 1-2: Strikes out swinging
|
|
Pinch Hitting: RHB Chris Kinder
|
0-0: Ball 1-0: Called Strike 1-1: SINGLE (Groundball, 6MS, EV 70.6 MPH) (infield hit)
|
|
Batting: RHB Kevin Tangeman
|
0-0: Called Strike 0-1: Ball 1-1: Ball 2-1: Fielders Choice at 2nd, U4 (Groundball, 4M, EV 91.3 MPH)
|
| Bottom of the 9th over - 0 runs, 1 hit, 0 errors, 1 left on base; Miami Beach 22 - Colorado 3 |
|